[Event "FRA-chT Top 12"]
[Site "Brest"]
[Date "2019.05.19"]
[Round "2.3"]
[White "Santos Ruiz, Miguel"]
[Black "Praggnanandhaa, Rameshbabu"]
[Result "1/2-1/2"]
[ECO "E38"]
[WhiteElo "2549"]
[BlackElo "2536"]
[Annotator "ChessBase II"]
[PlyCount "42"]
[EventDate "2019.05.18"]
[EventType "team-tourn"]
[EventRounds "11"]
[EventCountry "FRA"]
[SourceTitle "CBM 190 Extra"]
[Source "ChessBase"]
[SourceDate "2019.07.15"]
[SourceVersion "1"]
[SourceVersionDate "2019.07.15"]
[SourceQuality "1"]
[WhiteTeam "Grasse echecs"]
[BlackTeam "Cannes"]
[WhiteTeamCountry "FRA"]
[BlackTeamCountry "FRA"]
[TimeControl "40/5400+30:1800+30"]

1. c4 Nf6 2. Nc3 e6 3. d4 Bb4 4. Qc2 c5 (4... O-O) (4... d5) 5. dxc5 Bxc5 6. Nf3 Qc7 (6... Nc6) (6... Qb6) 7. e3 {[%emt 0:10:43] L'espagnol est déjà sorti de sa préparation} a6 8. Be2 (8. b3 Be7 9. Bb2 d6 10. Be2 Nbd7 11. g4 h6 12. Rg1 g5 13. O-O-O b6 14. Kb1 Bb7 15. Nd4 Nc5 16. f3 O-O-O 17. Ka1 Kb8 18. Rc1 Ncd7 19. Rgd1 Ne5 20. h3 Ka8 21. f4 Ned7 22. f5 e5 23. Nf3 Nc5 24. Nd5 Nxd5 25. cxd5 Qb8 26. b4 Nd7 27. Qa4 Ka7 28. Bxa6 Bxa6 29. b5 Qb7 30. bxa6 Qb8 31. Rc6 Nc5 32. Qb5 Rc8 33. Nd2 Rxc6 34. dxc6 Rc8 35. Ba3 Qc7 36. Bxc5 bxc5 37. Rb1 Qxc6 {Eljanov,P (2742)-Gelfand,B (2741) Moscow 2010 1-0}) (8. a3) 8... b6 ({RR} 8... Be7 9. O-O d6 10. b3 O-O 11. Bb2 Nbd7 12. Rac1 b6 13. Rfd1 {½-½ (13) Gustafsson,J (2535)-Palac,M (2578) Panormo 2001}) 9. O-O Bb7 10. b3 Be7 11. Bb2 d6 12. Rfd1 Nbd7 13. Rac1 O-O 14. Qd2 $146 ({RR} 14. Rd2 Rac8 15. Qd1 Rfd8 16. Nd4 Qb8 17. Bf3 Nc5 18. Bxb7 Qxb7 19. Qf3 Nfe4 20. Nxe4 Qxe4 21. Ne2 Qxf3 22. gxf3 Kf8 23. Ng3 Bf6 24. Ba3 g6 25. Ne4 Be7 26. Rcd1 Rc6 27. Kf1 Nb7 28. Bb2 f5 {Kishan,G (2059)-Laxman,R (2372) New Delhi IND 2022 ½-½ (47)}) 14... Rac8 15. Qd4 Rfd8 16. Qf4 Qb8 17. h3 h6 18. Qg3 Nh5 $5 19. Qh2 Nhf6 20. Qg3 Nh5 21. Qh2 Nhf6 1/2-1/2